 Dungeon Crawl Stone Soup version 0.17.0-23-g0de4337 (webtiles) character file.

38 Gorice the Caller (level 3, -1/28 HPs)
             Began as a Demonspawn Wanderer on Nov 14, 2015.
             Slain by an adder (3 damage)
             ... on level 2 of the Dungeon.
             The game lasted 00:06:45 (1426 turns).

Gorice the Caller (Demonspawn Wanderer)             Turns: 1426, Time: 00:06:45

Health: -1/28      AC:  2    Str: 13    XL:     3   Next: 25%
Magic:  5/5        EV: 11    Int: 15    God:
Gold:   59         SH:  0    Dex: 10    Spells: 1 memorised, 3 levels left

rFire  . . .     SeeInvis .     h - +0 mace
rCold  . . .     Clarity  .     d - +0 robe
rNeg   . . .     SustAt   .     (no shield)
rPois  .         Gourm    .     (helmet restricted)
rElec  .         Spirit   .     (no cloak)
rCorr  .         Warding  .     (no gloves)
rMut   .         Rnd*Tele +     (no boots)
MR     .....                    (no amulet)
Stlth  +.........               (no ring)
                                l - ring of teleportation (curse)

@: lethally poisoned (-1 -> -13), not resistant to hostile enchantments, very
unstealthy
A: antennae 1, hooves 1
a: Evoke Teleportation


You were on level 2 of the Dungeon.
You were not hungry.

You visited 1 branch of the dungeon, and saw 2 of its levels.

You collected 59 gold pieces.

Inventory:

Hand Weapons
 a - a +0 club
 h - a +0 mace (weapon)
 k - a +0 spear
Missiles
 g - 9 poisoned needles
 Z - 40 stones (quivered)
Armour
 d - a +0 robe (worn)
 j - a +2 buckler
Jewellery
 l - a cursed ring of teleportation (left hand)
 Y - an uncursed amulet of guardian spirit
Scrolls
 n - a scroll of identify {unknown}
 o - a scroll of enchant weapon {unknown}
Books
 b - the Incunabulum of the Eel

   Spells                             Type                      Level
   a - Freeze                         Ice                          1
   b - Ozocubu's Armour               Charms/Ice                   3
 c - the Disquisition on Stolen Souls

   Spells                             Type                      Level
   a - Corpse Rot                     Necromancy                   2
   b - Sublimation of Blood           Necromancy                   2
 e - a book of Minor Magic
Comestibles
 f - 3 bread rations {!e}
 i - 3 chunks of flesh
 m - 6 fruits
 p - a meat ration {!e}


   Skills:
 + Level 2.3 Fighting
 - Level 1.0 Throwing
 - Level 1.7 Armour
 + Level 1.7 Spellcasting
 - Level 3.0 Summonings
   Level 2.1 Necromancy
 - Level 1.0 Evocations


You had 3 spell levels left.
You knew the following spells:

 Your Spells              Type           Power        Failure   Level  Hunger
a - Call Imp              Summ           ##......     12%         2    ###....


Dungeon Overview and Level Annotations

Branches:
Dungeon (2/15)

Altars:

Annotations:
D:2 Sigmund


Innate Abilities, Weirdness & Mutations

You have a pair of small antennae on your head.
You have large cloven feet.


Message History

Remove which piece of jewellery? (? for menu, Esc to quit)
You remove your amulet of guardian spirit.
A bat comes into view.
The bat hits you but does no damage.
You sock the bat!
You kill the bat!
You open the door.
There is an open door here.
Eating one of 4 chunks of flesh.
This raw flesh tastes terrible.
You continue eating. x2
There is an open door here.
You sense a monster nearby.
An adder comes into view.
The adder closely misses you.
You sock the adder!
The adder is severely wounded.
The adder completely misses you. The adder closely misses you.
You closely miss the adder.
The adder is heavily wounded.
The adder barely misses you. The adder bites you.
Damage: 3 (max 3)
You hit the adder. Your kick misses the adder.
The adder is severely wounded.
The adder bites you. x2
You are poisoned.
The adder poisons you!
Damage: 7 (max 7)
You closely miss the adder. Your kick misses the adder.
The adder is severely wounded.
You feel sick. The adder barely misses you. The adder barely misses you.
Damage: 1 (max 7)
You closely miss the adder.
The adder is severely wounded.
You feel sick. The adder closely misses you.
Damage: 1 (max 7)
You hit the adder. Your kick misses the adder.
The adder is almost dead.
The adder bites you.
You are more poisoned.
The adder poisons you! The adder bites you.
You are lethally poisoned!
The adder poisons you!
Damage: 7 (max 7)
You hit the adder but do no damage. You kick the adder, but do no damage.
The adder is almost dead.
* * * LOW HITPOINT WARNING * * *
You feel sick. The adder bites you.
* * * LOW HITPOINT WARNING * * *
The adder bites you.
You die...

#.......##..###....#
#.......##....#....#
........'.....#....#
........##....#....###.
#.......##....#........
#.########....#........
#.# #.......#........
#.# #..........# #.#
#.....####@# #.#
#.....#..S....# #.#
#.....#.##.##.#
#.#####.....# #.. #
............# #..
≈............ ....
≈............ ....
≈≈≈...... .....
≈≈≈≈.....


You could see an adder.

Vanquished Creatures
  An adder (D:2)
  8 bats
  A giant cockroach (D:1)
  3 goblins (D:1)
  5 hobgoblins
  2 kobolds (D:1)
  A quokka (D:2)
  4 giant newts
  2 rats (D:1)
27 creatures vanquished.

Vanquished Creatures (collateral kills)
  A kobold (D:2)
1 creature vanquished.

Grand Total: 28 creatures vanquished

Notes
Turn   | Place    | Note
--------------------------------------------------------------
     0 | D:1      | Gorice the Demonspawn Wanderer began the quest for the Orb.
     0 | D:1      | Gorice set off with: a book of Minor Magic, the Incunabulum of the Eel, the Disquisition on Stolen Souls, a +0 robe, a +0 club, a bread ration {!e}
     0 | D:1      | Reached XP level 1. HP: 15/15 MP: 1/1
     0 | D:1      | Identified the Incunabulum of the Eel
     0 | D:1      | Identified the Disquisition on Stolen Souls
    59 | D:1      | HP: 4/15 [hobgoblin (2)]
   271 | D:1      | Reached skill level 1 in Spellcasting
   383 | D:1      | Gained mutation: You have a pair of small antennae on your head. [demonic ancestry]
   383 | D:1      | Reached XP level 2. HP: 21/21 MP: 3/3
   643 | D:1      | Reached skill level 2 in Fighting
  1020 | D:1      | Learned a level 2 spell: Call Imp
  1024 | D:2      | Noticed Sigmund
  1061 | D:2      | Gained mutation: You have large cloven feet. [demonic ancestry]
  1061 | D:2      | Reached XP level 3. HP: 12/27 MP: 0/5
  1426 | D:2      | HP: 7/28 [poisoned by an adder]
  1426 | D:2      | HP: 2/28 [adder (5)]
  1426 | D:2      | Slain by an adder

Action                   || total
-------------------------++-------
Melee: Club              ||    27
       Mace              ||    66
Throw: Stone             ||    26
 Cast: Call Imp          ||     2
  Eat: Chunk             ||     2

Table legend:
 A = Turns spent in this place as a percentage of turns spent in the entire game.
 B = Non-inter-level travel turns spent in this place as a percentage of non-inter-level travel turns spent in the entire game.
 C = Inter-level travel turns spent in this place as a percentage of turns spent in this place.
 D = Turns resting spent in this place as a percentage of non-inter-level travel turns spent in this place.
 E = Turns spent auto-exploring this place as a percentage of non-inter-level travel turns spent in this place.
 F = Non-inter-level travel turns spent in this place divided by the number of levels of this place that you've seen.
                   A       B       C       D       E      F
               +-------+-------+-------+-------+-------+----------------------
         Total | 100.0 | 100.0 |   0.5 |   2.2 |   2.9 | 291.0
       Dungeon | 100.0 | 100.0 |   0.5 |   2.2 |   2.9 | 291.0
               +-------+-------+-------+-------+-------+----------------------

Vault maps used:
D:1:      enne_arrival_octagon_isle
D:2:      lemuel_old_faithful, uniq_sigmund
